 Dungeon Crawl Stone Soup version 0.30-b1-2-g02819fbbbe (webtiles) character file.

Game seed: 1213183768530112474

39288 redmage the Frost Mage (level 14, -12/111 HPs)
             Began as a Meteoran Ice Elementalist on July 24, 2023.
             Was a High Priest of Cheibriados.
             Mangled by an emperor scorpion (15 damage)
             ... on level 4 of the Spider Nest.
             The game lasted 01:19:51 (4885 turns).

redmage the Frost Mage (Meteoran Ice Elementalist)  Turns: 4885, Time: 01:19:52

Health: -12/111    AC: 21    Str: 23    XL:     14   Next: 77%
Magic:  3/28       EV: 16    Int: 34    God:    Cheibriados [*****.]
Gold:   217        SH:  0    Dex: 29    Spells: 9/31 levels left

rFire   . . .        a - +2 whip (elec)
rCold   + . .        (no shield)
rNeg    . . .        o - +1 leather armour {rF+}
rPois   +            e - +2 helmet
rElec   .            r - +2 cloak {rPois}
rCorr   .            (no gloves)
SInv    +            (no boots)
Will    +....        G - amulet of regeneration
Stlth   ++           z - ring of ice
HPRegen 1.18/turn    y - ring of see invisible
MPRegen 0.21/turn

%: no passive effects
@: lethally poisoned (-12 -> -21), ice-armoured, freezing walls, glowing, very
slow
A: sense surroundings 2, otherworldly, glowing, explore regen
a: Renounce Religion, Bend Time, Temporal Distortion, Slouch, Step From Time


You were on level 4 of the Spider Nest.
You worshipped Cheibriados.
Cheibriados was extremely pleased with you.
You visited 4 branches of the dungeon, and saw 21 of its levels.

You collected 550 gold pieces.
You spent 333 gold pieces at shops.

Inventory:

Hand Weapons
 a - a +2 whip of electrocution (weapon)
Missiles
 j - 6 boomerangs
 p - 7 silver javelins
 F - a throwing net
Armour
 e - a +2 helmet (worn)
 n - a +3 ring mail
 o - a +1 leather armour of fire resistance (worn)
 r - a +2 cloak of poison resistance (worn)
Jewellery
 u - a ring of protection from cold
 y - a ring of see invisible (right hand)
 z - a ring of ice (left hand)
 G - an amulet of regeneration (around neck)
Wands
 l - a wand of paralysis (1)
 x - a wand of flame (6) (quivered)
 C - a wand of roots (7)
 I - a wand of acid (8)
Scrolls
 h - 2 scrolls of blinking
 i - 3 scrolls of magic mapping
 q - 2 scrolls of immolation
 v - 6 scrolls of teleportation
 w - a scroll of enchant armour
 E - a scroll of fog
 K - a scroll of identify
Potions
 b - 4 potions of magic
 g - 3 potions of lignification
 k - 2 potions of flight
 s - 2 potions of attraction
 t - a potion of brilliance
 B - a potion of ambrosia
 D - a potion of resistance


   Skills:
 - Level 6.4 Fighting
 - Level 10.1 Maces & Flails
 - Level 7.1 Throwing
 - Level 3.4 Armour
 - Level 4.3 Dodging
 * Level 4.0 Stealth
 - Level 9.0 Spellcasting
 - Level 6.8 Conjurations
 - Level 5.0 Summonings
 + Level 6.0 Fire Magic
 - Level 12.7 Ice Magic
 * Level 10.7 Air Magic
 - Level 12.0 Invocations


You had 9 spell levels left.
You knew the following spells:

 Your Spells              Type           Power      Damage    Failure   Level
a - Freeze                Ice            100%       1d10      1%          1
b - Frozen Ramparts       Ice            100%       1d16      1%          3
c - Ozocubu's Armour      Ice            100%       N/A       1%          3
d - Summon Ice Beast      Ice/Summ       85%        N/A       1%          4
e - Arcjolt               Conj/Air       33%        1d43      2%          5
f - Plasma Beam           Fire/Air       32%        2x1d49    16%         6

Your spell library contained the following spells:

 Spells                   Type           Power      Damage    Failure   Level
 Shock                    Conj/Air       100%       1d9       1%          1
 Hailstorm                Conj/Ice       89%        3d18      1%          3
 Swiftness                Air            73%        N/A       1%          3
 Vhi's Electric Charge    Tloc/Air       100%       N/A       1%          3
 Airstrike                Air            36%        2d(6-22)  1%          4
 Necrotise                Necr           60%        1d7       3%          1
 Lesser Beckoning         Tloc           30%        N/A       4%          2
 Sublimation of Blood     Necr           15%        N/A       4%          2
 Gell's Gravitas          Tloc           15%        N/A       10%         3
 Teleport Other           Tloc           15%        N/A       10%         3
 Vampiric Draining        Necr           15%        2d7       10%         3
 Irradiate                Conj/Tmut      19%        3d18      22%         5
 Petrify                  Tmut/Erth      15%        N/A       32%         4
 Agony                    Necr           15%        N/A       67%         5


Dungeon Overview and Level Annotations

Branches:
Dungeon (11/15) Zot: 5900  Temple (1/1) D:6 Zot: 794    Lair (5/5) D:9 Zot: 3227
 Spider (4/4) Lair:2 Zot: 2025
  Swamp: Lair:2-3    Shoals: Lair:2-3     Slime: Lair:4-5       Orc: D:9-12

Altars:
Ashenzari
Cheibriados
Dithmenos
Elyvilon
Fedhas
Gozag
Hepliaklqana
Kikubaaqudgha
Makhleb
Nemelex Xobeh
Okawaru
Qazlal
Ru
Sif Muna
Trog
Uskayaw
Vehumet
Wu Jian
Xom
Yredelemnul
The Shining One

Shops:
D:7 *(?([   D:9 (

Annotations:
D:8 3 runed translucent doors, diceflayer's ghost, journeyman DsHu
Lair:4 exclusion: oklob plant
Spider:2 Arachne; Jorgrun


Innate Abilities, Weirdness & Mutations

You passively map the area around you.
You are easily found by Zot.
You glow in the dark.
You regain HP and MP as you explore.


Message History

The emperor scorpion claws you!
The emperor scorpion closely misses you.
The wall freezes the moth of wrath.
Unknown command.
Unknown command.
Unknown command.
Unknown command.
Activating: Slouch (1% risk of failure)
Press: ? - help, Dir - look around, f - activate You can feel time thicken for a moment.
You kill the moth of wrath!
Cheibriados appreciates the change of pace.
You kill the hornet!
Cheibriados thoroughly appreciates the change of pace.
Cheibriados lowers the support of your attributes as your movement quickens.
The wall freezes the emperor scorpion but does no damage.
The emperor scorpion stings you!
You are poisoned.
The emperor scorpion poisons you!
The emperor scorpion claws you but does no damage. x2
The wall freezes the emperor scorpion but does no damage.
The emperor scorpion stings you!!
* * * LOW HITPOINT WARNING * * *
The emperor scorpion barely misses you. The emperor scorpion claws you.
* * * LOW HITPOINT WARNING * * *
You feel your intelligence returning.
Your Stealth skill increases to level 4!
Casting: Frozen Ramparts (safe; 1% risk of failure)
Confirm with . or Enter, or press ? or * to list all spells.
Electricity surges outward!
The emperor scorpion is struck by an electric surge!!
The emperor scorpion is almost dead.
You feel very sick.
The wall freezes the emperor scorpion but does no damage.
The emperor scorpion stings you!
* * * LOW HITPOINT WARNING * * *
The emperor scorpion barely misses you.
The emperor scorpion claws you but does no damage.
The wall freezes the emperor scorpion.
The emperor scorpion stings you!
You die...

##### #.~.### *
#####.^...#####* ~
###.....^..~...~#
######...^..##^^##..^~
~ ,
###~~~#...~#^~##..#
^,. **
.~~~~~....#####...# ,
.^~##~....# #.@##* #*
#.....##* #†s#, * , ,
###..^### .!##! * ~
##~...## #..^ ,!† ,
#~..~.# +.† .!. *
~...~### ### ####*
...~~~..# ##### #####
, *
.†###^..###~..##..~^#
* ~, .##
#.##^~...~..^..~ ~,,^


You could see an emperor scorpion (berserk).

Vanquished Creatures
  An emperor scorpion (Spider:1)
  A ghost moth (Spider:4)
  2 spark wasps (Spider:4)
  An entropy weaver (Spider:2)
  Fannar (Lair:3)
  A hydra (Lair:3)
  2 pharaoh ants (Spider:3)
  2 steelbarb worms
  A salamander (Spider:3)
  A wolf spider (Spider:3)
  A moth of wrath (Spider:4)
  2 elephants (Lair:4)
  A black mamba (Lair:3)
  2 cane toads
  A torpor snail (Spider:4)
  2 komodo dragons (Lair:3)
  A polar bear (Lair:3)
  4 meliai
  4 hornets (Spider:4)
  8 tarantellas
  3 dream sheep (Lair:3)
  11 blink frogs
  6 jumping spiders
  A shadow (D:9)
  2 wyverns
  20 yaks
  5 culicivoras
  A wraith (D:9)
  2 basilisks
  2 chaos spawn (D:8)
  19 redbacks
  9 water moccasins
  An orc warrior (D:8)
  An ice beast (D:8)
  A sky beast (D:6)
  An ogre (D:5)
  A black bear (D:5)
  7 wolves
  3 centaurs
  A phantom (D:5)
  2 kobold brigands (D:8)
  6 bullfrogs
  A gnoll sergeant (D:8)
  A scorpion (D:7)
  9 killer bees
  2 electric eels (Spider:4)
  A howler monkey (D:6)
  2 jellies
  6 hounds
  4 orc priests
  3 iguanas
  7 orc wizards
  2 sleepcaps
  4 gnolls (D:8)
  3 adders
  2 white imps (D:7)
  28 orcs
  2 endoplasms
  4 goblins
  2 hobgoblins
  11 kobolds
  A ball python (D:4)
  3 bats
  A frilled lizard (D:1)
  A rat (D:3)
244 creatures vanquished.

Vanquished Creatures (collateral kills)
  A catoblepas (Lair:5)
  A skyshark (Lair:3)
  3 orb spiders
  A steelbarb worm (Spider:3)
  4 wolf spiders
  2 elephants (Lair:4)
  A demonic crawler (Spider:1)
  2 cane toads (Lair:4)
  2 trolls
  A tarantella (Spider:4)
  2 blink frogs
  4 dream sheep
  2 jumping spiders (Spider:3)
  2 culicivoras (Spider:4)
  5 yaks
  2 chaos spawn (D:8)
  6 redbacks
  2 killer bees
  A kobold (D:8)
44 creatures vanquished.

Vanquished Creatures (others)
  18 fungi
  14 plants
32 creatures vanquished.

Grand Total: 320 creatures vanquished

Notes
Turn   | Place    | Note
-------+----------+-------------------------------------------
     0 | D:1      | redmage the Meteoran Ice Elementalist began the quest for
                  | the Orb.
     0 | D:1      | Reached XP level 1. HP: 14/14 MP: 5/5
    41 | D:1      | Reached XP level 2. HP: 19/20 MP: 4/6
   165 | D:4      | Noticed a centaur
   167 | D:4      | HP: 1/20 [centaur/arrow (11)]
   172 | D:4      | Killed a centaur
   173 | D:4      | Reached skill level 5 in Ice Magic
   173 | D:4      | Reached XP level 3. HP: 18/26 MP: 5/9
   173 | D:4      | Reached XP level 4. HP: 23/33 MP: 5/10
   173 | D:4      | Reached XP level 5. HP: 26/38 MP: 5/11
   177 | D:4      | Learned a level 3 spell: Frozen Ramparts
   181 | D:4      | Learned a level 3 spell: Ozocubu's Armour
   186 | D:4      | Learned a level 4 spell: Summon Ice Beast
   285 | D:5      | Entered Level 5 of the Dungeon
   346 | D:4      | Reached XP level 6. HP: 43/45 MP: 6/13
   367 | D:4      | Reached skill level 1 in Summonings
   467 | D:5      | Noticed an ogre
   478 | D:5      | Killed an ogre
   479 | D:5      | Reached XP level 7. HP: 32/50 MP: 4/14
   667 | D:5      | Found a shadowy altar of Dithmenos.
   667 | D:5      | Found a stormy altar of Qazlal.
   668 | D:5      | Found a radiant altar of Vehumet.
   673 | D:5      | Reached skill level 5 in Spellcasting
   685 | D:5      | Reached XP level 8. HP: 41/57 MP: 9/16
   886 | D:7      | Found a flagged portal.
  1009 | D:6      | Reached skill level 5 in Maces & Flails
  1015 | D:6      | Found a burning altar of Makhleb.
  1146 | D:7      | Found Isiyrra's Antique Weapon Shop.
  1186 | D:7      | Found an ornate altar of the Wu Jian Council.
  1249 | D:6      | Gained mutation: You passively map the area around you.
                  | [Meteoran growth]
  1249 | D:6      | Reached XP level 9. HP: 56/62 MP: 15/17
  1370 | D:7      | Found Pini's Armour Boutique.
  1378 | D:7      | Bought a +1 cloak of poison resistance for 189 gold pieces
  1401 | D:7      | Found Pomoheqa's Magic Scroll Shoppe.
  1437 | D:7      | Found Ulafos's General Store.
  1444 | D:7      | Found Qaujabae's Weapon Boutique.
  1451 | D:7      | Reached skill level 5 in Summonings
  1627 | D:4      | Reached skill level 10 in Ice Magic
  1970 | D:6      | Found a staircase to the Ecumenical Temple.
  1979 | Temple   | Entered the Ecumenical Temple
  2038 | Temple   | Became a worshipper of Cheibriados the Contemplative
  2143 | D:9      | Found Bicar's Weapon Emporium.
  2176 | D:9      | Reached XP level 10. HP: 47/69 MP: 12/18
  2184 | D:9      | Found an opulent altar of Gozag.
  2365 | D:9      | Reached skill level 1 in Invocations
  2366 | D:9      | Reached * piety under Cheibriados
  2367 | D:9      | Reached skill level 1 in Fighting
  2367 | D:9      | Reached skill level 1 in Throwing
  2380 | D:10     | Entered Level 10 of the Dungeon
  2426 | D:11     | Noticed a cyclops
  2532 | D:8      | Reached skill level 5 in Invocations
  2555 | D:8      | Found a white marble altar of Elyvilon.
  2575 | D:8      | Reached XP level 11. HP: 74/81 MP: 6/21
  2575 | D:8      | Reached ** piety under Cheibriados
  2591 | D:8      | Found a shimmering altar of Xom.
  2593 | D:8      | Found the +7 mace of Variability {chaos, chaos arc}
  2678 | D:7      | Bought a scroll of teleportation for 48 gold pieces
  2678 | D:7      | Bought a scroll of teleportation for 48 gold pieces
  2678 | D:7      | Bought a scroll of teleportation for 48 gold pieces
  2763 | D:8      | Found a runed translucent gate.
  2763 | D:8      | Found a runed translucent gate.
  2763 | D:8      | Noticed diceflayer's ghost (journeyman DsHu)
  2764 | D:8      | Found a runed translucent gate.
  2764 | D:8      | Noticed a nine-headed hydra
  2867 | D:9      | Found a staircase to the Lair.
  2874 | Lair:1   | Entered Level 1 of the Lair of Beasts
  2964 | Lair:4   | Noticed an oklob plant
  2967 | Lair:3   | Noticed Fannar
  3110 | Lair:4   | Reached skill level 5 in Throwing
  3123 | Lair:5   | Entered Level 5 of the Lair of Beasts
  3132 | Lair:5   | Reached *** piety under Cheibriados
  3151 | Lair:5   | Reached XP level 12. HP: 80/93 MP: 12/24
  3151 | Lair:5   | Noticed a catoblepas
  3158 | Lair:5   | Reached skill level 5 in Fighting
  3160 | Lair:5   | Killed a catoblepas
  3243 | Lair:4   | Reached skill level 10 in Invocations
  3263 | Lair:5   | Noticed a lindwurm
  3315 | Lair:4   | Reached skill level 1 in Armour
  3411 | Lair:3   | Reached **** piety under Cheibriados
  3524 | Lair:3   | Noticed a five-headed hydra
  3545 | Lair:3   | Killed a five-headed hydra
  3546 | Lair:3   | Noticed a skyshark
  3556 | Lair:3   | Killed a skyshark
  3557 | Lair:3   | Reached XP level 13. HP: 102/102 MP: 9/26
  3577 | Lair:3   | Reached skill level 10 in Maces & Flails
  3611 | Lair:3   | Killed Fannar
  3706 | Lair:2   | Learned a level 5 spell: Arcjolt
  3750 | Lair:2   | Reached skill level 1 in Conjurations
  3750 | Lair:2   | Reached skill level 1 in Air Magic
  3789 | Lair:2   | Found a hole to the Spider Nest.
  3805 | Lair:2   | Reached ***** piety under Cheibriados
  3814 | Spider:1 | Entered Level 1 of the Spider Nest
  3814 | Spider:1 | Noticed an emperor scorpion
  3835 | Spider:1 | Killed an emperor scorpion
  3957 | Spider:2 | Noticed an entropy weaver
  3968 | Spider:2 | Killed an entropy weaver
  3969 | Spider:2 | Reached skill level 5 in Air Magic
  3972 | Spider:2 | Reached skill level 5 in Conjurations
  3993 | Spider:2 | Noticed Jorgrun
  4003 | Spider:2 | Noticed Arachne
  4062 | Spider:1 | Learned a level 6 spell: Plasma Beam
  4148 | Spider:1 | Reached skill level 1 in Fire Magic
  4366 | Spider:3 | Reached XP level 14. HP: 56/111 MP: 16/28
  4471 | Spider:4 | Entered Level 4 of the Spider Nest
  4643 | Spider:4 | Reached skill level 5 in Fire Magic
  4643 | Spider:4 | Reached ****** piety under Cheibriados
  4693 | Spider:4 | Noticed a ghost moth
  4715 | Spider:4 | Killed a ghost moth
  4716 | Spider:4 | Reached skill level 10 in Air Magic
  4879 | Spider:4 | Noticed a spark wasp
  4879 | Spider:4 | Noticed a spark wasp
  4879 | Spider:4 | Noticed an emperor scorpion
  4881 | Spider:4 | Killed a spark wasp
  4881 | Spider:4 | Killed a spark wasp
  4885 | Spider:4 | HP: 3/111 [emperor scorpion (16)]
  4885 | Spider:4 | Mangled by an emperor scorpion

Illustrated notes

Levels and vault maps discovered:
D:1:      minmay_arrival_shoal_huts, layout_basic
D:2:      minmay_wonky_spiral, layout_basic, uniq_terence, uniq_natasha,
          uniq_crazy_yiuf_cottage
D:3:      layout_rooms, mainiacjoe_overflow_catwalk,
          hellmonk_ecumenical_altar_zigzags
D:4:      layout_loops_ring
D:5:      layout_loops_ring, gammafunk_temple_overflow_forgotten
D:6:      layout_loops_ring, mainiacjoe_overflow_small_starburst,
          minmay_temple_entry_nine_rooms, minmay_misc_feat_tower,
          hangedman_decor_riveting, kennysheep_potato
D:7:      layout_basic, nicolae_overflow_hidden_temple, serial_shops, shop,
          nicolae_diamond_shop, nicolae_shop_tiny_statue_garden,
          nicolae_take_the_stairs, shop, enter_bailey_2
D:8:      layout_loops_ring, mainiacjoe_overflow_chevrons,
          gammafunk_ghost_hydra_chop, minmay_guarded_unrand_variability
D:9:      layout_basic, lemuel_doored_altar, lair_entry_dummy, serial_shops,
          nicolae_shop_scrapyard
D:10:     layout_stronghold, hangedman_fish_farm, uniq_sonja
D:11:     minmay_the_grid_triangle_9x9_rhombus_full
          [minmay_the_grid_triangle_9x9_subtriangle,
          minmay_the_grid_triangle_9x9_swiss_cheese,
          minmay_the_grid_triangle_9x9_zippers_horizontal,
          minmay_the_grid_triangle_9x9_intruding_spiral,
          minmay_the_grid_triangle_9x9_odd_lines,
          minmay_the_grid_triangle_9x9_shrine,
          minmay_the_grid_triangle_9x9_descending_squares,
          minmay_the_grid_triangle_9x9_prize_center], layout_layer_cave
Temple:   nicolae_temple_superstar
Lair:1:   layout_big_grid, uniq_grum, uniq_nergalle
Lair:2:   layout_cave_pods, hellmonk_spider_entry_not_the_bees
Lair:3:   layout_roguey, minmay_shoals_entry_lonely_mermaid,
          infiniplex_staircase_pool_2, grunt_megastairs_3, uniq_fannar
Lair:4:   layout_cave_pods, minmay_slime_entry_oklob_open, st_stairs_11
Lair:5:   due_jungle_book, layout_misc_corridors, lemuel_fruit_tree,
          grunt_megastairs_2
Spider:1: layout_chambers, uniq_agnes
Spider:2: nicolae_spider_brood_tunnel, drop_trap, uniq_arachne, uniq_jorgrun
Spider:3: layout_cave_pods
Spider:4: spider_rune_water

Skill      XL: |  1  2  3  4  5  6  7  8  9 10 11 12 13 14 |
---------------+-------------------------------------------+-----
Spellcasting   | 3 4 5 6 7 8 9 |  9.0
Maces & Flails | 2 3 4 5 6 7 8 9 10 | 10.1
Ice Magic      | 5 6 7 8 11 12 | 12.7
Summonings     | 2 3 4 5 |  5.0
Invocations    | 5 8 11 12 | 12.0
Fighting       | 2 4 6 |  6.4
Throwing       | 3 5 6 7 |  7.1
Armour         | 3 |  3.4
Dodging        | 3 4 |  4.3
Conjurations   | 6 |  6.8
Air Magic      | 7 10 | 10.7
Fire Magic     | 2 6 |  6.0
Stealth        | 4 |  4.0

Action                     |  1- 3 |  4- 6 |  7- 9 | 10-12 | 13-15 || total
---------------------------+-------+-------+-------+-------+-------++-------
  Melee: Short sword       |     3 |       |       |       |       ||     3
         Whip              |       |    26 |    95 |   177 |   227 ||   525
         Dagger            |       |       |     3 |       |       ||     3
         Punch             |       |       |       |     5 |     2 ||     7
  Throw: Javelin           |       |       |       |       |     7 ||     7
   Cast: Freeze            |    22 |     1 |    12 |     8 |    25 ||    68
         Frozen Ramparts   |       |     6 |    22 |    38 |    35 ||   101
         Ozocubu's Armour  |       |     5 |    19 |    23 |    31 ||    78
         Summon Ice Beast  |       |       |     1 |    15 |    23 ||    39
         Arcjolt           |       |       |       |       |     4 ||     4
 Invoke: Step From Time    |       |       |       |       |     1 ||     1
         Slouch            |       |       |       |       |     3 ||     3
  Evoke: Wand              |       |       |     5 |     5 |    26 ||    36
    Use: Scroll            |     2 |     4 |     5 |     7 |     5 ||    23
         Potion            |     1 |       |       |     1 |    11 ||    13
   Stab: Distracted        |       |       |       |     1 |     2 ||     3
         Paralysed         |       |       |       |       |     2 ||     2
 Armour: Robe              |     4 |     5 |     4 |       |       ||    13
         Leather armour    |       |       |    45 |    69 |   224 ||   338
  Dodge: Dodged            |    17 |     6 |    39 |    71 |   237 ||   370
  Block: Other             |     3 |     5 |    24 |    32 |       ||    64
         Reflection        |     1 |       |     3 |     1 |       ||     5
